 Dungeon Crawl Stone Soup version 0.21-a0-538-gd16b88a (webtiles) character file.

5892 theanonym the Cleaver (level 10, -11/83 HPs)
             Began as a Demonspawn Fighter on Dec 16, 2017.
             Was an Elder of Okawaru.
             Mangled by a two-headed ogre
             ... wielding a +0 giant club
              (13 damage)
             ... on level 9 of the Dungeon.
             The game lasted 00:17:07 (11478 turns).

theanonym the Cleaver (Demonspawn Fighter)         Turns: 11478, Time: 00:17:09

Health: -11/83     AC: 12    Str: 20    XL:     10   Next: 53%
Magic:  12/12      EV:  3    Int:  9    God:    Okawaru [****..]
Gold:   298        SH:  9    Dex: 13    Spells: 9/9 levels left

rFire    + . .     SeeInvis .   E - +5 war axe
rCold    + . .     Gourm    .   c - +0 shield
rNeg     . . .     Faith    .   m - +0 plate armour {18}
rPois    .         Spirit   .   (no helmet)
rElec    .         Reflect  .   (no cloak)
rCorr    .         Harm     .   (no gloves)
MR       +....                  B - +0 pair of boots
Stlth    ..........             s - amulet of magic regeneration
HPRegen  0.23/turn              h - ring of protection from magic {MR+}
MPRegen  0.38/turn              p - ring of protection from fire {rF+}

@: no status effects
A: hooves 2, cold resistance 1, powered by death 1
a: Heroism, Renounce Religion


Innate Abilities, Weirdness & Mutations

You have hoof-like feet.
Your flesh is cold resistant. (rC+)
You regenerate a little health from kills.


   Skills:
 + Level 9.6 Fighting
 * Level 11.7 Axes
 - Level 2.6 Armour
 - Level 2.6 Shields
 + Level 3.0 Invocations


You had 9 spell levels left.
You didn't know any spells.

Skill      XL: |  1  2  3  4  5  6  7  8  9 10 |
---------------+-------------------------------+-----
Axes           | 2 3 4 5 7 9 10 11 | 11.7
Fighting       | 4 5 6 7 8 9 |  9.6
Invocations    | 3 |  3.0
Armour         | |  2.6
Shields        | |  2.6

Action                   |  1- 3 |  4- 6 |  7- 9 | 10-12 || total
-------------------------+-------+-------+-------+-------++-------
Melee: War axe           |   104 |   176 |   427 |   141 ||   848
       Kick              |       |    39 |    61 |       ||   100
Invok: Heroism           |       |       |     9 |     4 ||    13
Evoke: Wand              |       |       |     2 |     2 ||     4
  Use: Potion            |     1 |       |     3 |     1 ||     5
       Scroll            |       |     6 |    10 |     1 ||    17
 Stab: Paralysed         |       |     1 |       |       ||     1
  Eat: Chunk             |     1 |    10 |    12 |     3 ||    26
       Bread ration      |       |       |     1 |       ||     1
       Meat ration       |       |       |     1 |       ||     1
       Royal jelly       |       |       |       |     1 ||     1
Armor: Scale mail        |    53 |    63 |       |       ||   116
       Chain mail        |       |    20 |    54 |       ||    74
       Plate armour      |       |       |   184 |    51 ||   235
Dodge: Dodged            |    30 |    49 |    63 |    12 ||   154
Block: Shield            |    54 |    84 |   213 |    35 ||   386

Inventory:

Hand Weapons
 a - a +0 war axe
 E - a +5 war axe (weapon)
   (You took it off a wight on level 7 of the Dungeon)
 F - a cursed +1 morningstar
   (You took it off a wight on level 7 of the Dungeon)
Armour
 b - a +0 scale mail {10}
 c - a +0 shield (worn)
 d - a +0 chain mail
   (You took it off an orc on level 4 of the Dungeon)
 m - a +0 plate armour (worn) {18}
   (You took it off an orc warrior on level 6 of the Dungeon)
 B - a +0 pair of boots (worn)
   (You found it on level 6 of the Dungeon)
Jewellery
 h - a ring of protection from magic (left hand) {MR+}
   (You found it on level 1 of the Dungeon)
 p - a ring of protection from fire (right hand) {rF+}
   (You took it off a kobold on level 3 of the Dungeon)
 s - an amulet of magic regeneration (around neck)
   (You found it on level 5 of the Dungeon)
 G - an uncursed amulet of faith {Faith}
   (You took it off a kobold on level 8 of the Dungeon)
Wands
 l - a wand of disintegration (12)
   (You found it on level 6 of the Dungeon)
Scrolls
 f - 3 scrolls of fog
 i - 4 scrolls of remove curse
 t - a scroll of teleportation {!r}
 x - a scroll of amnesia
 y - 2 scrolls of magic mapping
Potions
 g - 4 potions of flight
 j - a potion of haste
 k - 2 potions of brilliance
 n - a potion of lignification
 o - a potion of berserk rage {!q}
 q - 3 potions of heal wounds
 u - 2 potions of ambrosia
 v - a potion of might
 w - 5 potions of curing
Comestibles
 e - a royal jelly
 r - 6 chunks of flesh
 z - 2 bread rations
 D - 2 meat rations


You were on level 9 of the Dungeon.
You worshipped Okawaru.
Okawaru was greatly pleased with you.
You were not hungry.

You visited 1 branch of the dungeon, and saw 9 of its levels.
You also visited: Sewer.

You collected 418 gold pieces.
You spent 120 gold pieces at shops.

Dungeon Overview and Level Annotations

Branches:
Dungeon (9/15)             Temple (0/1) D:7
   Lair: D:8-11         Orc: D:9-12

Altars:
Dithmenos
Elyvilon
Gozag
Hepliaklqana
Kikubaaqudgha
Makhleb
Okawaru
Qazlal
Ru
Wu Jian
Xom
Yredelemnul

Shops:
D:4 [   D:5 !

Annotations:
D:1 ring


Message History

You butcher the orc corpse.
r - 4 chunks of flesh
Things that are here:
a chain mail; an orc skeleton
Things that are here:
a chain mail; an orc skeleton
There is an open door here.
You now have 298 gold pieces (gained 10).
As you open the door, it creaks loudly!
There is an open door here.
You feel like a meek peon again.
Unknown command.
Unknown command.
You closely miss the orc wizard.
The orc wizard hits you but does no damage.
Your shield and plate armour prevent you from hitting the orc wizard.
The orc wizard hits you but does no damage.
You completely miss the orc wizard.
The orc wizard gestures at you while chanting.
The magic dart hits you!
You take 5 damage, and have 78/83 hp.
You slash the orc wizard!
You kill the orc wizard!
Okawaru accepts your kill.
No target in view!
No target in view!
No target in view!
Things that are here:
a dagger; a robe {0}; an orc corpse You butcher the orc corpse.
r - 6 chunks of flesh (gained 2)
Things that are here:
a dagger; a robe {0}
Things that are here:
a dagger; a robe {0} The ice beast is too close now for your liking.
An ice beast is nearby!
An ice beast is nearby!
An ice beast is nearby!
The ice beast hits you but does no damage.
Your shield and plate armour prevent you from hitting the ice beast.
The ice beast hits you but does no damage.
You slash the ice beast!
The ice beast hits you but does no damage.
You barely miss the ice beast.
The ice beast hits you but does no damage.
You closely miss the ice beast.
The ice beast hits you but does no damage.
You slash the ice beast!
The ice beast hits you but does no damage.
You closely miss the ice beast. The ice beast barely misses you.
You slash the ice beast!
You kill the ice beast!
Okawaru accepts your kill.
Health restored: 83 No target in view!
No target in view!
Unknown command.
D - 2 meat rations (gained 1)
Items here: ( )))) รทรทรท
Found 21 sling bullets.
There is an open door here.
You open the door.
A two-headed ogre comes into view. It is wielding two giant clubs.
The two-headed ogre shouts in stereo!
Found a stone staircase leading down.
A two-headed ogre is nearby!
A two-headed ogre is nearby!
A two-headed ogre is nearby!
You gain the combat prowess of a mighty hero.
The two-headed ogre barely misses you.
The two-headed ogre hits you with a giant club!
You take 7 damage, and have 76/83 hp.
You now have 10/12 mp.
Okay, then.
You slash the two-headed ogre! You barely miss the two-headed ogre.
The two-headed ogre hits you with a giant club! x2
You take 18 damage, and have 58/83 hp.
MASSIVE DAMAGE!!
Aim: a two-headed ogre, wielding two giant clubs (lightly wounded, chance to defeat MR: 48%)
The two-headed ogre is blasted.
The two-headed ogre hits you but does no damage.
The two-headed ogre hits you with a giant club!!
* * * LOW HITPOINT WARNING * * *
You take 18 damage, and have 40/83 hp.
MASSIVE DAMAGE!!
Aim: a two-headed ogre, wielding two giant clubs (heavily wounded, chance to defeat MR: 48%)
The two-headed ogre resists with some effort.
The two-headed ogre hits you with a giant club!!
* * * LOW HITPOINT WARNING * * *
The two-headed ogre hits you with a giant club.
* * * LOW HITPOINT WARNING * * *
You take 24 damage, and have 16/83 hp.
MASSIVE DAMAGE!!
Okay, then.
MP restored: 12
There is an open door here.
You feel like a meek peon again.
There is a stone staircase leading up here.
The two-headed ogre hits you with a giant club!!
* * * LOW HITPOINT WARNING * * *
The two-headed ogre hits you with a giant club!
You die...

#...... .......#.........#...
#..... .......#.........'...
.....# #...##'###....#..>
.....# #........###### ..
.....# #............ . .....#
#..........(..
.....###########.............
............(().O............
..##'###......(.@............
..#....#..................###
..#....#..................#
..#.>..#.........)........#
..#....#......########....#
..#....#..(...#......#....#
..#....#......#......#....#
..#....#......#......#....#
..# #......###'#'##....###


You could see a two-headed ogre.

Notes
Turn   | Place    | Note
-------+----------+-------------------------------------------
     0 | D:1      | theanonym the Demonspawn Fighter began the quest for the Orb.
     0 | D:1      | Reached XP level 1. HP: 18/18 MP: 1/1
    85 | D:1      | Reached skill level 2 in Axes
   297 | D:1      | Gained mutation: Your flesh is cold resistant. (rC+) [demonic ancestry]
   297 | D:1      | Reached XP level 2. HP: 24/24 MP: 2/2
   731 | D:2      | Reached XP level 3. HP: 25/29 MP: 3/3
  1020 | D:2      | HP: 14/29 [worker ant (1)]
  1024 | D:2      | Reached skill level 3 in Axes
  1025 | D:2      | HP: 10/30 [poisoned by a worker ant]
  1030 | D:2      | HP: 7/30 [poisoned by a worker ant]
  1035 | D:2      | HP: 5/30 [poisoned by a worker ant]
  1043 | D:2      | HP: 4/30 [poisoned by a worker ant]
  1337 | D:2      | Gained mutation: You have large cloven feet. [demonic ancestry]
  1337 | D:2      | Reached XP level 4. HP: 31/37 MP: 4/4
  1460 | D:2      | Found an iron altar of Okawaru.
  1493 | D:2      | Became a worshipper of Warmaster Okawaru
  1685 | D:2      | Found a shimmering altar of Xom.
  1996 | D:3      | HP: 17/37 [orc wizard/puff of flame (11)]
  2001 | D:3      | HP: 8/37 [orc wizard/puff of flame (4)]
  2352 | D:3      | Found a sacrificial altar of Ru.
  2360 | D:3      | Reached skill level 4 in Fighting
  2360 | D:3      | Reached skill level 4 in Axes
  2568 | D:3      | Reached XP level 5. HP: 42/42 MP: 5/5
  3281 | D:4      | Noticed an ogre
  3496 | D:4      | Gained mutation: You have hoof-like feet. [demonic ancestry]
  3496 | D:4      | Reached XP level 6. HP: 49/49 MP: 6/6
  3519 | D:4      | Reached skill level 5 in Axes
  3850 | D:4      | Found Yptio's Armour Shop.
  4004 | D:5      | Entered Level 5 of the Dungeon
  4062 | D:5      | Reached * piety under Okawaru
  4137 | D:5      | Reached skill level 5 in Fighting
  4167 | D:5      | HP: 6/51 [ogre/giant club (23)]
  4426 | D:5      | Reached XP level 7. HP: 41/56 MP: 7/7
  4546 | D:5      | Reached skill level 6 in Axes
  4958 | D:5      | Found Toruhy's Distillery.
  4961 | D:5      | Bought a potion of heal wounds for 60 gold pieces
  4961 | D:5      | Bought a potion of berserk rage for 60 gold pieces
  4972 | D:5      | Reached ** piety under Okawaru
  4972 | D:5      | Reached skill level 1 in Invocations
  5118 | D:5      | Reached skill level 2 in Invocations
  5313 | D:5      | Found a stormy altar of Qazlal.
  5343 | D:5      | Reached skill level 3 in Invocations
  5427 | D:5      | Found an opulent altar of Gozag.
  5557 | D:5      | Reached skill level 6 in Fighting
  5557 | D:5      | Reached skill level 7 in Axes
  5557 | D:5      | Reached XP level 8. HP: 37/64 MP: 10/10
  6120 | D:6      | HP: 32/64 [adder (2)]
  6128 | D:6      | HP: 30/64 [poisoned by an adder]
  6136 | D:6      | HP: 29/64 [poisoned by an adder]
  6152 | D:6      | HP: 30/64 [scorpion (2)]
  6158 | D:6      | HP: 30/64 [scorpion (1)]
  6163 | D:6      | HP: 30/65 [adder (1)]
  6167 | D:6      | Found a glowing drain.
  6168 | D:6      | HP: 28/65 [poisoned by an adder]
  6176 | D:6      | HP: 28/65 [poisoned by an adder]
  6183 | D:6      | HP: 27/65 [poisoned by an adder]
  6190 | D:6      | HP: 28/65 [adder (1)]
  6195 | D:6      | HP: 24/65 [poisoned by an adder]
  6202 | D:6      | HP: 23/65 [poisoned by an adder]
  6400 | Sewer    | Entered a sewer
  6571 | Sewer    | Found a glowing silver altar of Zin.
  6743 | D:6      | Found a burning altar of Makhleb.
  6745 | D:6      | Found a hazy altar of Hepliaklqana.
  6757 | D:6      | Reached skill level 8 in Axes
  7171 | D:6      | Reached skill level 7 in Fighting
  7443 | D:6      | Reached *** piety under Okawaru
  7493 | D:6      | Found an ornate altar of the Wu Jian Council.
  7496 | D:6      | Found a shadowy altar of Dithmenos.
  7744 | D:6      | Found a white marble altar of Elyvilon.
  7926 | D:6      | Found a basalt altar of Yredelemnul.
  8130 | D:7      | Noticed Pikel
  8151 | D:6      | HP: 30/67 [Pikel/whip of flaming (4)]
  8157 | D:6      | HP: 18/100 [Pikel/whip of flaming (5)]
  8162 | D:6      | Killed Pikel
  8162 | D:6      | Reached skill level 9 in Axes
  8162 | D:6      | Gained mutation: You regenerate a little health from kills. [demonic ancestry]
  8162 | D:6      | Reached XP level 9. HP: 13/72 MP: 11/11
  8527 | D:7      | HP: 26/73 [orc warrior/battleaxe (19)]
  8530 | D:7      | HP: 11/73 [orc warrior/battleaxe (13)]
  8539 | D:7      | HP: 12/73 [orc warrior/battleaxe (1)]
  8940 | D:7      | Found a staircase to the Ecumenical Temple.
  9008 | D:7      | Reached skill level 8 in Fighting
  9062 | D:7      | Noticed Duvessa
  9062 | D:7      | Noticed Menkaure
  9064 | D:7      | Noticed Dowan
  9065 | D:7      | Killed Menkaure
  9065 | D:7      | Reached skill level 10 in Axes
  9078 | D:7      | Killed Dowan
  9083 | D:7      | Killed Duvessa
  9458 | D:7      | Reached **** piety under Okawaru
  9897 | D:8      | Found an ancient bone altar of Kikubaaqudgha.
  9911 | D:8      | Reached XP level 10. HP: 82/82 MP: 12/12
 10221 | D:8      | Reached skill level 9 in Fighting
 10367 | D:8      | Reached skill level 11 in Axes
 10987 | D:9      | Noticed a two-headed ogre
 11000 | D:9      | HP: 28/83 [two-headed ogre/giant club (22)]
 11001 | D:9      | HP: 1/83 [two-headed ogre/giant club (15)]
 11003 | D:9      | Killed a two-headed ogre
 11008 | D:9      | HP: 31/83 [orc wizard/dagger (2)]
 11015 | D:8      | HP: 31/83 [orc wizard/dagger (2)]
 11459 | D:9      | Noticed a two-headed ogre
 11463 | D:9      | HP: 40/83 [two-headed ogre/giant club (18)]
 11464 | D:9      | HP: 17/83 [two-headed ogre/giant club (23)]
 11478 | D:9      | HP: 2/83 [two-headed ogre/giant club (18)]
 11478 | D:9      | Mangled by a two-headed ogre

Vanquished Creatures
  A two-headed ogre (D:9)
  Pikel (D:6)
  2 hippogriffs
  A vampire (D:8)
  A hungry ghost (D:7)
  Menkaure (D:7)
  Duvessa (D:7)
  3 orc warriors
  A phantom (D:8)
  2 sky beasts (D:5)
  2 ice beasts
  A black bear (D:6)
  4 ogres
  A centaur (D:6)
  3 big kobolds
  4 bullfrogs
  2 gnoll sergeants
  4 scorpions
  Dowan (D:7)
  10 wights
  2 howler monkeys (D:5)
  3 crimson imps
  A centaur zombie (D:6)
  3 hounds
  2 bullfrog skeletons (D:5)
  6 orc priests
  12 orc wizards
  An iguana (D:8)
  7 worker ants
  A killer bee zombie (D:7)
  10 gnolls
  A howler monkey skeleton (D:4)
  A river rat (Sewer)
  14 adders
  3 shadow imps
  An ooze (D:5)
  A worm (D:3)
  2 dart slugs
  4 leopard geckos
  45 orcs
  11 bats
  6 giant cockroaches
  8 goblins
  7 hobgoblins
  7 jackals
  19 kobolds
  6 quokkas
  3 frilled lizards
  A jackal zombie (D:5)
  9 rats
  2 toadstools (D:1)
245 creatures vanquished.

Vanquished Creatures (others)
  3 slaves (D:7)
  A dart slug (D:5)
  An orc (D:7)
  2 toadstools (D:1)
7 creatures vanquished.

Grand Total: 252 creatures vanquished

Table legend:
 A = Turns spent in this place as a percentage of turns spent in the entire game.
 B = Non-inter-level travel turns spent in this place as a percentage of non-inter-level travel turns spent in the entire game.
 C = Inter-level travel turns spent in this place as a percentage of turns spent in this place.
 D = Turns resting spent in this place as a percentage of non-inter-level travel turns spent in this place.
 E = Turns spent auto-exploring this place as a percentage of non-inter-level travel turns spent in this place.
 F = Non-inter-level travel turns spent in this place divided by the number of levels of this place that you've seen.
                   A       B       C       D       E      F
               +-------+-------+-------+-------+-------+----------------------
         Total | 100.0 | 100.0 |   3.8 |  38.6 |  45.7 | 1104.3
       Dungeon |  98.0 |  97.9 |   3.9 |  38.8 |  45.9 | 1201.3
         Sewer |   2.0 |   2.1 |   0.0 |  29.0 |  39.0 | 231.0
               +-------+-------+-------+-------+-------+----------------------
